 Dungeon Crawl Stone Soup version 0.27.0-1-g7a089689b8 (webtiles) character file.

Game seed: 12831711526006984686

428 sasquatch the Slasher (level 6, -4/51 HPs)
             Began as a Hill Orc Fighter on Aug 7, 2021.
             Slain by a water moccasin (5 damage)
             ... on level 5 of the Dungeon.
             The game lasted 00:04:53 (5566 turns).

sasquatch the Slasher (Hill Orc Fighter)            Turns: 5566, Time: 00:04:54

Health: -4/51      AC: 11    Str: 21    XL:     6   Next: 98%
Magic:  6/6        EV:  7    Int:  8    God:
Gold:   177        SH:  9    Dex: 10    Spells: 5/5 levels left

rFire    . . .     SeeInvis .   a - +0 long sword
rCold    . . .     Faith    .   c - +0 kite shield
rNeg     . . .     Spirit   .   b - +0 scale mail
rPois    .         Reflect  .   (no helmet)
rElec    .         Harm     .   w - +2 cloak
rCorr    .         Rampage  .   (no gloves)
Will     .....                  v - +0 pair of boots
Stlth    ..........             (no amulet)
HPRegen  0.17/turn              (no ring)
MPRegen  0.10/turn              (no ring)

@: brilliant, lethally poisoned (-4 -> -9), flying
A: no striking features
a: no special abilities


You were on level 5 of the Dungeon.
You visited 1 branch of the dungeon, and saw 5 of its levels.

You collected 177 gold pieces.

Inventory:

Hand Weapons
 a - a +0 long sword (weapon)
Missiles
 p - 2 throwing nets (quivered)
 u - 21 poisoned darts
Armour
 b - a +0 scale mail (worn)
 c - a +0 kite shield (worn)
 v - a +0 pair of boots (worn)
 w - a +2 cloak (worn)
Jewellery
 h - a ring of protection from fire
Scrolls
 e - 2 scrolls of fog {unknown}
 f - 4 scrolls of immolation {unknown}
 l - a scroll of identify {unknown}
 o - 2 scrolls of amnesia {unknown}
 q - a scroll of noise {unknown}
 s - 3 scrolls of blinking {unknown}
 x - a scroll of fear {unknown}
 y - a scroll of enchant armour {unknown}
Potions
 d - 2 potions of might
 g - a potion of resistance {unknown}
 i - a potion of lignification {unknown}
 j - 2 potions of flight
 k - a potion of curing {unknown}
 m - 2 potions of heal wounds {unknown}
 n - 2 potions of cancellation {unknown}
 r - a potion of degeneration {unknown}
 t - a potion of brilliance


   Skills:
 - Level 3.6 Fighting
 * Level 7.9 Long Blades
 - Level 3.2 Armour
 - Level 3.2 Shields


You had 5 spell levels left.
You didn't know any spells.
Your spell library was empty.

Dungeon Overview and Level Annotations

Branches:
Dungeon (5/15)
 Temple: D:4-7

Altars:

Shops:
D:2 =   D:5 [


Message History

The water moccasin bites you but does no damage.
You are too injured to fight recklessly!
You are too injured to fight recklessly!
You are too injured to fight recklessly!
You hit the water moccasin but do no damage.
The water moccasin is moderately wounded.
The water moccasin completely misses you.
The water moccasin barely misses you.
You slash the water moccasin!
The water moccasin is severely wounded.
You block the water moccasin's attack.
You hit the water moccasin but do no damage.
The water moccasin is severely wounded.
You block the water moccasin's attack. The water moccasin bites you!
You are poisoned.
The water moccasin poisons you!
You miss the water moccasin.
The water moccasin is severely wounded.
* * * LOW HITPOINT WARNING * * *
You feel very sick.
The water moccasin bites you but does no damage.
You closely miss the water moccasin.
The water moccasin is severely wounded.
You feel very sick. The water moccasin bites you.
* * * LOW HITPOINT WARNING * * *
The water moccasin barely misses you.
It was a potion of flight.
You feel very buoyant.
You fly up into the air.
* * * LOW HITPOINT WARNING * * *
You feel sick. The water moccasin bites you.
* * * LOW HITPOINT WARNING * * *
It was a potion of brilliance.
You feel clever all of a sudden.
* * * LOW HITPOINT WARNING * * *
You feel sick. The water moccasin bites you.
* * * LOW HITPOINT WARNING * * *
The water moccasin bites you.
You die...

#....# #.$#
###....####..#
.............###
.............'.#
.............'o#
............Z#o#
###....####..#o#
#....# #..#o####
#....# #..#WS@.#
###....####..####.#
.............# #.#
o............# #.#
############## #.#
##### .##.#
#.####### ....#
..#.# #.......#
.##.# #.#.#
#######.# .##.#
#.#.# #.#


You could see an orc warrior, a phantom and a water moccasin.

Vanquished Creatures
  A phantom (D:5)
  2 scorpions (D:4)
  A bullfrog zombie (D:5)
  An orc priest (D:3)
  A hound skeleton (D:4)
  A howler monkey skeleton (D:4)
  5 adders
  An ufetubus (D:5)
  An adder zombie (D:5)
  2 worms
  A dart slug (D:3)
  7 orcs
  8 endoplasms
  9 giant cockroaches
  6 goblins
  6 hobgoblins
  9 jackals (D:1)
  A quokka (D:1)
  4 ball pythons
  7 bats
  4 frilled lizards
  4 kobolds
  2 rats (D:1)
84 creatures vanquished.

Notes
Turn   | Place    | Note
-------+----------+-------------------------------------------
     0 | D:1      | sasquatch the Hill Orc Fighter began the quest for the Orb.
     0 | D:1      | Reached XP level 1. HP: 19/19 MP: 1/1
    77 | D:1      | Reached XP level 2. HP: 18/26 MP: 2/2
   235 | D:1      | Reached skill level 3 in Long Blades
   814 | D:1      | Reached XP level 3. HP: 16/31 MP: 3/3
  1069 | D:1      | Reached skill level 4 in Long Blades
  2108 | D:2      | Reached XP level 4. HP: 39/39 MP: 4/4
  2118 | D:2      | Found Dohal's Jewellery Shoppe.
  2808 | D:3      | Reached skill level 5 in Long Blades
  2875 | D:3      | Reached XP level 5. HP: 15/45 MP: 5/5
  3425 | D:4      | Reached skill level 6 in Long Blades
  4063 | D:4      | Reached XP level 6. HP: 8/51 MP: 6/6
  4360 | D:4      | Reached skill level 7 in Long Blades
  5106 | D:5      | Entered Level 5 of the Dungeon
  5343 | D:5      | Found Fur Ekli's Antique Armour Emporium.
  5499 | D:5      | Noticed an orc warrior
  5507 | D:5      | Noticed a water moccasin
  5566 | D:5      | HP: 1/51 [water moccasin (2)]
  5566 | D:5      | Slain by a water moccasin

Illustrated notes

Levels and vault maps discovered:
D:1:      erik_arrival_blinker_ship, layout_basic, serial_bayou_ford_a,
          dk_noncrumbling_4
D:2:      layout_basic, serial_shops, nicolae_lakefront_shop,
          grunt_ministairs_12, minmay_fountain_box, hex_large, minivault_25,
          hangedman_decor_clover_reticule, minmay_door_square
D:3:      layout_loops_ring
D:4:      layout_loops_ring
D:5:      layout_basic, serial_shops, kennysheep_little_box, kennysheep_dice

Skill      XL: |  1  2  3  4  5  6 |
---------------+-------------------+-----
Long Blades    | 3 4 5 6 7 |  7.9
Fighting       | |  3.6
Armour         | |  3.2
Shields        | |  3.2

Action                   |  1- 3 |  4- 6 || total
-------------------------+-------+-------++-------
Melee: Long sword        |   131 |   214 ||   345
  Use: Potion            |       |     2 ||     2
Armor: Scale mail        |    77 |    73 ||   150
Dodge: Dodged            |    57 |    59 ||   116
Block: Kite shield       |    88 |   112 ||   200
       Rpst.: Long sword |    20 |    24 ||    44
